[ PARTIDA AOE2 · #465152543 ]
UnrankedPersas vs Koreans
[ ANÁLISIS DE REPETICIÓN · EXTRAÍDO DE LA PARTIDA GRABADA ]
Feudal
10:58
Castillos
16:42
Imperial
33:52
| APM promedio | 32.0 |
| APM pico | 64 |
| eAPM promedio | 13.7 |
| Aldeanos / militares | 124 / 209 |
Foco
⚔️ 33.3% · 🌾 66.7%
Knight ×180 · Camel Scout ×23 · Trade Cart ×13 · Trebuchet (Packed) ×6
Feudal
8:46
Castillos
23:50
Imperial
38:20
| APM promedio | 31.9 |
| APM pico | 74 |
| eAPM promedio | 19.4 |
| Aldeanos / militares | 206 / 697 |
Foco
⚔️ 38.6% · 🌾 61.4%
Skirmisher ×341 · Spearman ×301 · War Wagon ×23 · Battering Ram ×19 · Bombard Cannon ×6 · Iron Pagoda ×3
Feudal
11:04
Castillos
19:28
Imperial
35:57
| APM promedio | 19.0 |
| APM pico | 34 |
| eAPM promedio | 13.0 |
| Aldeanos / militares | 122 / 366 |
Foco
⚔️ 38.1% · 🌾 61.9%
Scout Cavalry ×114 · Skirmisher ×72 · Gbeto ×56 · Archer ×48 · Spearman ×32 · Camel Scout ×30
Feudal
11:46
Castillos
15:49
Imperial
40:24
| APM promedio | 33.7 |
| APM pico | 78 |
| eAPM promedio | 18.6 |
| Aldeanos / militares | 228 / 446 |
Foco
⚔️ 35.2% · 🌾 64.8%
Spearman ×339 · Hand Cannoneer ×70 · Bombard Cannon ×27 · Mangonel ×4 · Trebuchet (Packed) ×4 · Hussite Wagon ×2
Feudal
11:25
Castillos
16:07
Imperial
36:54
| APM promedio | 41.5 |
| APM pico | 81 |
| eAPM promedio | 19.8 |
| Aldeanos / militares | 114 / 128 |
Foco
⚔️ 32.2% · 🌾 67.8%
Unknown (1944) ×153 · Unknown (1949) ×116 · Scout Cavalry ×113 · Trade Cart ×48 · Unknown (1942) ×7 · Monk ×6
Feudal
9:21
Castillos
24:56
Imperial
37:41
| APM promedio | 36.0 |
| APM pico | 74 |
| eAPM promedio | 21.0 |
| Aldeanos / militares | 253 / 335 |
Foco
⚔️ 37.5% · 🌾 62.5%
Skirmisher ×171 · Knight ×132 · Hand Cannoneer ×21 · Monk ×7 · Trade Cart ×6 · Trebuchet (Packed) ×3
Mapa de la partida
Recursos iniciales + cada clic de construcción. Líneas = muros · curvas = relieve. ◆ oro · ⬟ piedra · ● bayas · ✦ reliquia · ◌ hueco del cierre
Tu base· ✓ Cerrada en 16:42 · 0t muro · 3 puerta(s)
Base de The Mongoloid Khan· ✓ Cerrada en 23:50 · 0t muro · 3 puerta(s)
Base de PJtheDcoy· ✓ Cerrada en 19:28 · 2t muro · 2 puerta(s)
Base de MonasLover· ✓ Cerrada en 15:49 · 15t muro · 2 puerta(s)
Base de asdF· ✓ Cerrada en 16:07 · 0t muro · 3 puerta(s)
Base de Quando· ✓ Cerrada en 24:56 · 1t muro · 3 puerta(s)
Terreno inicial suavizado · ◌ = hueco del cierre detectado · pasá el cursor para detalles
Inputs por minuto
— Fr4ggi - - The Mongoloid Khan
Build order — Fr4ggi
Primeras 150 de 419 acciones detectadas
| 0:04 | Construir | House |
| 0:06 | Construir | House |
| 0:13 | Encolar | Villager (Male) |
| 0:14 | Encolar | Villager (Male) |
| 0:41 | Encolar | Villager (Male) |
| 0:42 | Encolar | Villager (Male) |
| 1:17 | Encolar | Villager (Male) |
| 1:35 | Encolar | Villager (Male) |
| 1:58 | Construir | Lumber Camp |
| 2:32 | Encolar | Villager (Male) |
| 2:53 | Encolar | Villager (Male) |
| 3:32 | Encolar | Villager (Male) |
| 3:33 | Encolar | Villager (Male) |
| 3:59 | Construir | House |
| 4:14 | Encolar | Villager (Male) |
| 4:24 | Construir | Mill |
| 4:56 | Encolar | Villager (Male) |
| 4:57 | Encolar | Villager (Male) |
| 5:38 | Encolar | Villager (Male) |
| 5:39 | Encolar | Villager (Male) |
| 5:42 | Encolar | Villager (Male) |
| 6:00 | Encolar | Villager (Male) |
| 6:10 | Construir | House |
| 6:44 | Construir | Farm |
| 6:51 | Construir | Farm |
| 6:52 | Encolar | Villager (Male) |
| 7:03 | Encolar | Villager (Male) |
| 7:26 | Construir | Farm |
| 7:35 | Encolar | Villager (Male) |
| 8:13 | Construir | Mining Camp |
| 8:15 | Encolar | Villager (Male) |
| 8:48 | Investigar | Feudal Age |
| 9:11 | Construir | Barracks |
| 9:13 | Construir | House |
| 9:17 | Encolar | Villager (Male) |
| 9:58 | Encolar | Villager (Male) |
| 10:48 | Construir | Farm |
| 10:51 | Construir | Farm |
| 10:54 | Encolar | Villager (Male) |
| 10:58 | Edad | Edad Feudal |
| 11:18 | Construir | House |
| 11:39 | Construir | Stable |
| 11:49 | Encolar | Villager (Male) |
| 12:18 | Encolar | Villager (Male) |
| 12:46 | Encolar | Villager (Male) |
| 12:56 | Construir | Blacksmith |
| 13:04 | Encolar | Villager (Male) |
| 13:11 | Construir | Farm |
| 13:21 | Construir | Farm |
| 14:13 | Construir | Farm |
| 14:17 | Investigar | Castle Age |
| 14:22 | Investigar | Bloodlines |
| 14:40 | Construir | Farm |
| 14:49 | Construir | Farm |
| 15:03 | Construir | Lumber Camp |
| 15:14 | Construir | Farm |
| 15:14 | Construir | Farm |
| 15:18 | Encolar | Villager (Male) |
| 15:31 | Construir | House |
| 15:32 | Construir | House |
| 15:44 | Investigar | Scale Barding Armor |
| 15:48 | Investigar | Forging |
| 16:01 | Investigar | Double-Bit Axe |
| 16:03 | Investigar | Horse Collar |
| 16:37 | Encolar | Villager (Male) |
| 16:42 | Edad | Edad de los Castillos |
| 16:45 | Encolar | Knight |
| 16:56 | Construir | Farm |
| 17:00 | Investigar | Bow Saw |
| 17:02 | Encolar | Villager (Male) |
| 17:15 | Construir | Farm |
| 17:18 | Encolar | Knight |
| 17:28 | Construir | House |
| 17:31 | Construir | House |
| 17:41 | Encolar | Villager (Male) |
| 18:01 | Construir | Farm |
| 18:02 | Encolar | Villager (Male) |
| 18:24 | Construir | Farm |
| 18:25 | Encolar | Villager (Male) |
| 18:38 | Construir | Farm |
| 18:51 | Encolar | Knight |
| 18:51 | Encolar | Knight |
| 18:57 | Investigar | Heavy Plow |
| 19:00 | Construir | Farm |
| 19:01 | Encolar | Villager (Male) |
| 19:21 | Construir | House |
| 19:23 | Construir | House |
| 19:59 | Construir | Farm |
| 20:01 | Encolar | Knight |
| 20:02 | Encolar | Knight |
| 20:03 | Investigar | Husbandry |
| 20:49 | Construir | Stable |
| 21:00 | Investigar | Gold Mining |
| 21:08 | Construir | Town Center |
| 21:13 | Encolar | Villager (Male) |
| 21:14 | Encolar | Villager (Male) |
| 21:14 | Encolar | Villager (Male) |
| 21:32 | Encolar | Knight |
| 21:48 | Investigar | Chain Barding Armor |
| 22:03 | Construir | House |
| 22:20 | Investigar | Gold Shaft Mining |
| 22:23 | Encolar | Villager (Male) |
| 22:23 | Encolar | Villager (Male) |
| 23:01 | Encolar | Villager (Male) |
| 23:02 | Encolar | Villager (Male) |
| 23:02 | Encolar | Villager (Male) |
| 23:02 | Encolar | Villager (Male) |
| 23:06 | Investigar | Wheelbarrow |
| 23:14 | Construir | Farm |
| 23:16 | Construir | Farm |
| 23:18 | Construir | Farm |
| 23:20 | Construir | Farm |
| 24:03 | Encolar | Villager (Male) |
| 24:03 | Encolar | Villager (Male) |
| 24:04 | Encolar | Villager (Male) |
| 24:14 | Encolar | Villager (Male) |
| 24:20 | Construir | Mining Camp |
| 24:25 | Encolar | Knight |
| 24:26 | Encolar | Knight |
| 24:42 | Encolar | Villager (Male) |
| 24:43 | Encolar | Villager (Male) |
| 24:48 | Encolar | Villager (Male) |
| 24:56 | Construir | Farm |
| 24:57 | Construir | Farm |
| 25:08 | Encolar | Knight |
| 25:08 | Encolar | Knight |
| 25:26 | Encolar | Knight |
| 25:27 | Encolar | Knight |
| 25:37 | Construir | Town Center |
| 25:42 | Investigar | Hand Cart |
| 25:42 | Encolar | Villager (Male) |
| 25:42 | Encolar | Villager (Male) |
| 25:43 | Encolar | Villager (Male) |
| 25:52 | Encolar | Villager (Male) |
| 25:52 | Encolar | Villager (Male) |
| 26:02 | Construir | Farm |
| 26:04 | Construir | Farm |
| 26:08 | Construir | Farm |
| 26:15 | Construir | Mining Camp |
| 26:17 | Encolar | Villager (Male) |
| 26:17 | Encolar | Villager (Male) |
| 26:18 | Encolar | Villager (Male) |
| 26:43 | Construir | Farm |
| 26:46 | Encolar | Villager (Male) |
| 26:48 | Encolar | Villager (Male) |
| 26:48 | Encolar | Villager (Male) |
| 26:58 | Investigar | Iron Casting |
| 27:35 | Construir | House |
| 27:36 | Construir | House |
| 27:37 | Construir | House |
Build order — The Mongoloid Khan
Primeras 150 de 707 acciones detectadas
| 0:06 | Construir | House |
| 0:08 | Construir | House |
| 0:14 | Encolar | Villager (Male) |
| 0:14 | Encolar | Villager (Male) |
| 0:14 | Encolar | Villager (Male) |
| 0:20 | Encolar | Villager (Male) |
| 0:20 | Encolar | Villager (Male) |
| 1:10 | Construir | Lumber Camp |
| 1:42 | Encolar | Villager (Male) |
| 2:26 | Encolar | Villager (Male) |
| 2:26 | Encolar | Villager (Male) |
| 2:26 | Encolar | Villager (Male) |
| 2:28 | Construir | House |
| 3:11 | Encolar | Villager (Male) |
| 3:11 | Encolar | Villager (Male) |
| 3:41 | Encolar | Villager (Male) |
| 3:41 | Encolar | Villager (Male) |
| 3:41 | Encolar | Villager (Male) |
| 3:42 | Encolar | Villager (Male) |
| 4:40 | Encolar | Villager (Male) |
| 4:47 | Encolar | Villager (Male) |
| 5:10 | Encolar | Villager (Male) |
| 5:25 | Construir | Mining Camp |
| 5:56 | Encolar | Villager (Male) |
| 6:23 | Investigar | Feudal Age |
| 6:51 | Investigar | Loom |
| 7:24 | Construir | House |
| 8:03 | Encolar | Villager (Male) |
| 8:04 | Encolar | Villager (Male) |
| 8:46 | Edad | Edad Feudal |
| 8:48 | Encolar | Villager (Male) |
| 8:49 | Encolar | Villager (Male) |
| 8:50 | Encolar | Villager (Male) |
| 8:53 | Construir | Blacksmith |
| 9:01 | Investigar | Double-Bit Axe |
| 9:13 | Construir | Watch Tower |
| 9:37 | Construir | Watch Tower |
| 9:40 | Encolar | Villager (Male) |
| 9:46 | Investigar | Fletching |
| 10:07 | Encolar | Villager (Male) |
| 10:12 | Construir | House |
| 10:15 | Construir | House |
| 10:21 | Construir | Mill |
| 10:57 | Encolar | Villager (Male) |
| 11:43 | Encolar | Villager (Male) |
| 11:43 | Encolar | Villager (Male) |
| 12:15 | Encolar | Villager (Male) |
| 12:30 | Construir | Watch Tower |
| 13:37 | Construir | Watch Tower |
| 13:40 | Encolar | Villager (Male) |
| 13:47 | Encolar | Villager (Male) |
| 13:50 | Construir | Farm |
| 14:05 | Encolar | Villager (Male) |
| 14:10 | Encolar | Villager (Male) |
| 14:15 | Construir | Farm |
| 14:16 | Construir | Farm |
| 14:16 | Construir | Farm |
| 14:16 | Construir | Farm |
| 14:16 | Construir | Farm |
| 14:17 | Construir | Farm |
| 14:18 | Construir | Farm |
| 14:20 | Construir | Farm |
| 14:35 | Encolar | Villager (Male) |
| 14:42 | Encolar | Villager (Male) |
| 14:54 | Construir | Watch Tower |
| 15:10 | Encolar | Villager (Male) |
| 15:18 | Encolar | Villager (Male) |
| 15:44 | Encolar | Villager (Male) |
| 15:45 | Encolar | Villager (Male) |
| 15:51 | Encolar | Villager (Male) |
| 15:57 | Encolar | Villager (Male) |
| 16:19 | Encolar | Villager (Male) |
| 16:27 | Encolar | Villager (Male) |
| 16:34 | Construir | House |
| 16:35 | Construir | House |
| 16:36 | Construir | House |
| 16:49 | Encolar | Villager (Male) |
| 17:05 | Construir | Watch Tower |
| 17:08 | Encolar | Villager (Male) |
| 17:25 | Construir | Mining Camp |
| 18:20 | Construir | Barracks |
| 18:21 | Encolar | Villager (Male) |
| 19:10 | Construir | Archery Range |
| 19:12 | Encolar | Villager (Male) |
| 19:19 | Construir | Farm |
| 19:41 | Encolar | Skirmisher |
| 19:41 | Encolar | Skirmisher |
| 19:59 | Construir | Stable |
| 20:09 | Construir | Stable |
| 20:39 | Encolar | Villager (Male) |
| 20:48 | Construir | Mill |
| 20:57 | Investigar | Horse Collar |
| 21:04 | Investigar | Castle Age |
| 21:06 | Investigar | Horse Collar |
| 21:16 | Construir | Farm |
| 21:20 | Construir | Farm |
| 21:29 | Encolar | Scout Cavalry |
| 21:29 | Encolar | Scout Cavalry |
| 21:37 | Construir | House |
| 21:38 | Construir | House |
| 21:40 | Construir | House |
| 21:40 | Construir | House |
| 21:55 | Encolar | Spearman |
| 21:55 | Encolar | Spearman |
| 23:10 | Construir | Lumber Camp |
| 23:38 | Investigar | Gold Mining |
| 23:41 | Investigar | Stone Mining |
| 23:50 | Edad | Edad de los Castillos |
| 23:54 | Construir | Siege Workshop |
| 23:56 | Encolar | Villager (Male) |
| 23:59 | Investigar | Wheelbarrow |
| 24:10 | Encolar | Villager (Male) |
| 24:10 | Encolar | Villager (Male) |
| 24:24 | Encolar | Iron Pagoda |
| 24:31 | Construir | Castle |
| 24:34 | Encolar | Villager (Male) |
| 24:57 | Encolar | Villager (Male) |
| 25:14 | Encolar | Villager (Male) |
| 25:18 | Construir | Town Center |
| 25:29 | Construir | Lumber Camp |
| 25:43 | Encolar | Villager (Male) |
| 25:57 | Encolar | Villager (Male) |
| 26:02 | Encolar | Iron Pagoda |
| 26:09 | Encolar | Villager (Male) |
| 26:38 | Construir | House |
| 26:39 | Construir | House |
| 26:39 | Construir | House |
| 26:41 | Construir | House |
| 26:45 | Construir | Farm |
| 26:46 | Construir | Farm |
| 26:47 | Encolar | Villager (Male) |
| 26:48 | Encolar | Villager (Male) |
| 26:48 | Encolar | Villager (Male) |
| 27:06 | Encolar | Villager (Male) |
| 27:21 | Construir | Town Center |
| 27:26 | Construir | Farm |
| 27:27 | Construir | Farm |
| 27:29 | Encolar | Villager (Male) |
| 27:45 | Construir | Lumber Camp |
| 28:00 | Construir | Farm |
| 28:01 | Construir | Farm |
| 28:01 | Construir | Farm |
| 28:05 | Investigar | Heavy Plow |
| 28:09 | Encolar | Villager (Male) |
| 28:12 | Construir | House |
| 28:13 | Construir | House |
| 28:40 | Construir | University |
| 28:46 | Encolar | Villager (Male) |
| 28:49 | Encolar | Villager (Male) |
| 28:50 | Encolar | Villager (Male) |
Build order — PJtheDcoy
Primeras 150 de 367 acciones detectadas
| 0:00 | Encolar | Villager (Male) |
| 0:01 | Encolar | Villager (Male) |
| 0:01 | Encolar | Villager (Male) |
| 0:01 | Encolar | Villager (Male) |
| 0:03 | Construir | House |
| 0:04 | Construir | House |
| 1:31 | Encolar | Villager (Male) |
| 1:48 | Construir | Lumber Camp |
| 2:07 | Encolar | Villager (Male) |
| 2:16 | Encolar | Villager (Male) |
| 2:54 | Encolar | Villager (Male) |
| 3:13 | Encolar | Villager (Male) |
| 3:45 | Encolar | Villager (Male) |
| 3:53 | Construir | House |
| 3:56 | Construir | House |
| 4:17 | Encolar | Villager (Male) |
| 4:36 | Encolar | Villager (Male) |
| 4:36 | Encolar | Villager (Male) |
| 5:03 | Encolar | Villager (Male) |
| 5:33 | Encolar | Villager (Male) |
| 5:33 | Encolar | Villager (Male) |
| 5:34 | Encolar | Villager (Male) |
| 5:37 | Construir | Mill |
| 7:06 | Encolar | Villager (Male) |
| 7:06 | Encolar | Villager (Male) |
| 7:41 | Construir | Mining Camp |
| 8:02 | Encolar | Villager (Male) |
| 8:22 | Investigar | Loom |
| 8:54 | Investigar | Feudal Age |
| 9:39 | Construir | Palisade Wall |
| 9:49 | Construir | Barracks |
| 10:08 | Construir | Mining Camp |
| 11:04 | Edad | Edad Feudal |
| 11:14 | Construir | Watch Tower |
| 11:23 | Encolar | Villager (Male) |
| 11:24 | Encolar | Villager (Male) |
| 11:24 | Encolar | Villager (Male) |
| 11:26 | Construir | Farm |
| 11:27 | Construir | Farm |
| 11:27 | Construir | Farm |
| 11:29 | Construir | Farm |
| 12:19 | Construir | House |
| 12:39 | Encolar | Villager (Male) |
| 14:43 | Construir | Watch Tower |
| 14:56 | Encolar | Villager (Male) |
| 14:56 | Encolar | Villager (Male) |
| 15:04 | Construir | Archery Range |
| 16:02 | Construir | Blacksmith |
| 16:24 | Construir | House |
| 16:25 | Construir | House |
| 16:27 | Construir | House |
| 16:28 | Construir | House |
| 16:46 | Construir | Farm |
| 16:48 | Investigar | Castle Age |
| 17:03 | Construir | House |
| 17:19 | Encolar | Archer |
| 17:19 | Encolar | Archer |
| 17:41 | Construir | Lumber Camp |
| 17:59 | Construir | Farm |
| 18:00 | Construir | Farm |
| 18:21 | Encolar | Archer |
| 18:45 | Investigar | Double-Bit Axe |
| 18:49 | Encolar | Villager (Male) |
| 18:50 | Encolar | Villager (Male) |
| 19:06 | Construir | Farm |
| 19:07 | Construir | Farm |
| 19:23 | Construir | Farm |
| 19:28 | Edad | Edad de los Castillos |
| 19:42 | Construir | Siege Workshop |
| 19:48 | Encolar | Archer |
| 19:48 | Encolar | Archer |
| 20:17 | Investigar | Crossbowman (upgrade) |
| 20:41 | Encolar | Battering Ram |
| 20:57 | Encolar | Archer |
| 20:57 | Encolar | Archer |
| 21:00 | Construir | Archery Range |
| 21:03 | Encolar | Villager (Male) |
| 21:11 | Construir | Farm |
| 21:14 | Construir | Farm |
| 21:34 | Construir | Farm |
| 21:43 | Construir | Farm |
| 22:15 | Encolar | Spearman |
| 22:15 | Encolar | Spearman |
| 23:05 | Investigar | Fletching |
| 23:06 | Encolar | Villager (Male) |
| 23:07 | Encolar | Villager (Male) |
| 24:02 | Investigar | Gold Mining |
| 24:02 | Investigar | Stone Mining |
| 24:03 | Construir | Farm |
| 24:05 | Construir | Farm |
| 24:06 | Encolar | Villager (Male) |
| 24:33 | Construir | Stone Wall |
| 24:42 | Encolar | Villager (Male) |
| 24:42 | Encolar | Villager (Male) |
| 24:43 | Construir | Farm |
| 25:06 | Encolar | Villager (Male) |
| 25:23 | Encolar | Battering Ram |
| 25:32 | Investigar | Wheelbarrow |
| 25:52 | Construir | Farm |
| 25:54 | Construir | Farm |
| 25:55 | Construir | Farm |
| 25:58 | Encolar | Villager (Male) |
| 25:58 | Encolar | Villager (Male) |
| 26:27 | Encolar | Archer ×5 |
| 26:27 | Encolar | Archer ×5 |
| 26:32 | Investigar | Padded Archer Armor |
| 26:40 | Construir | University |
| 27:11 | Construir | House |
| 27:13 | Construir | House |
| 27:39 | Construir | Town Center |
| 28:08 | Encolar | Villager (Male) |
| 28:09 | Encolar | Villager (Male) |
| 28:30 | Construir | Town Center |
| 28:37 | Encolar | Villager (Male) |
| 28:37 | Encolar | Villager (Male) |
| 28:43 | Investigar | Squires |
| 29:56 | Encolar | Villager (Male) ×5 |
| 29:57 | Encolar | Villager (Male) ×5 |
| 30:01 | Construir | Farm |
| 30:02 | Construir | Farm |
| 30:29 | Construir | Farm |
| 30:31 | Construir | Farm |
| 30:32 | Construir | Farm |
| 30:38 | Encolar | Villager (Male) |
| 30:38 | Encolar | Villager (Male) |
| 30:41 | Encolar | Villager (Male) ×5 |
| 30:59 | Construir | Farm |
| 31:20 | Construir | Mining Camp |
| 31:40 | Construir | House |
| 31:41 | Construir | House |
| 31:49 | Construir | Castle |
| 32:01 | Construir | Farm |
| 32:02 | Construir | Farm |
| 32:05 | Construir | Farm |
| 32:30 | Investigar | Imperial Age |
| 32:32 | Encolar | Villager (Male) |
| 32:36 | Construir | Farm |
| 32:37 | Construir | Farm |
| 32:39 | Construir | Farm |
| 32:39 | Construir | Farm |
| 32:40 | Construir | Farm |
| 32:43 | Encolar | Villager (Male) ×2 |
| 32:48 | Encolar | Villager (Male) |
| 32:54 | Construir | House |
| 32:54 | Construir | House |
| 33:18 | Investigar | Bodkin Arrow |
| 33:33 | Construir | Mill |
| 33:38 | Construir | Farm |
| 33:41 | Encolar | Villager (Male) ×5 |
| 33:43 | Encolar | Villager (Male) |
Build order — MonasLover
Primeras 150 de 642 acciones detectadas
| 0:00 | Encolar | Villager (Male) |
| 0:01 | Encolar | Villager (Male) |
| 0:01 | Encolar | Villager (Male) |
| 0:02 | Encolar | Villager (Male) |
| 0:02 | Construir | House |
| 0:05 | Construir | House |
| 1:35 | Encolar | Villager (Male) |
| 1:45 | Construir | Lumber Camp |
| 1:57 | Encolar | Villager (Male) |
| 2:02 | Encolar | Villager (Male) |
| 2:26 | Encolar | Villager (Male) |
| 2:42 | Encolar | Villager (Male) |
| 3:24 | Encolar | Villager (Male) |
| 3:27 | Construir | House |
| 3:28 | Construir | House |
| 3:33 | Encolar | Villager (Male) |
| 4:09 | Encolar | Villager (Male) |
| 4:16 | Construir | Mill |
| 4:38 | Encolar | Villager (Male) |
| 4:48 | Encolar | Villager (Male) |
| 5:07 | Encolar | Villager (Male) |
| 5:55 | Construir | Farm |
| 6:01 | Encolar | Villager (Male) |
| 6:05 | Encolar | Villager (Male) |
| 6:10 | Encolar | Villager (Male) |
| 6:21 | Construir | Farm |
| 6:42 | Encolar | Villager (Male) |
| 6:45 | Construir | Lumber Camp |
| 6:48 | Encolar | Villager (Male) |
| 7:01 | Encolar | Villager (Male) |
| 7:27 | Construir | House |
| 8:13 | Encolar | Villager (Male) |
| 8:53 | Investigar | Loom |
| 8:56 | Construir | Mining Camp |
| 9:22 | Investigar | Feudal Age |
| 9:57 | Construir | House |
| 10:06 | Construir | House |
| 10:29 | Construir | House |
| 11:19 | Construir | Palisade Wall |
| 11:46 | Edad | Edad Feudal |
| 11:57 | Construir | Market |
| 12:01 | Construir | Blacksmith |
| 12:03 | Encolar | Villager (Male) |
| 12:04 | Encolar | Villager (Male) |
| 12:30 | Construir | Stone Wall |
| 12:45 | Construir | Stone Wall |
| 12:58 | Construir | Stone Wall |
| 13:09 | Investigar | Castle Age |
| 13:46 | Construir | Stone Wall |
| 14:35 | Investigar | Double-Bit Axe |
| 14:36 | Encolar | Villager (Male) |
| 14:36 | Encolar | Villager (Male) |
| 14:47 | Construir | House |
| 15:27 | Construir | Farm |
| 15:39 | Construir | Farm |
| 15:49 | Edad | Edad de los Castillos |
| 15:52 | Construir | Siege Workshop |
| 16:08 | Construir | Town Center |
| 16:16 | Encolar | Mangonel |
| 16:16 | Encolar | Mangonel |
| 16:20 | Construir | Farm |
| 16:58 | Encolar | Villager (Male) |
| 17:00 | Construir | Farm |
| 17:03 | Construir | Farm |
| 17:11 | Encolar | Villager (Male) |
| 17:25 | Construir | Farm |
| 17:46 | Encolar | Villager (Male) |
| 18:15 | Encolar | Villager (Male) |
| 18:28 | Encolar | Villager (Male) |
| 18:39 | Encolar | Villager (Male) |
| 18:42 | Encolar | Villager (Male) |
| 18:57 | Encolar | Villager (Male) |
| 19:26 | Construir | House |
| 19:42 | Encolar | Villager (Male) |
| 19:51 | Construir | Farm |
| 20:36 | Encolar | Villager (Male) |
| 21:08 | Construir | Farm |
| 21:14 | Construir | Farm |
| 21:24 | Encolar | Villager (Male) |
| 21:57 | Construir | Farm |
| 22:00 | Construir | Mill |
| 22:05 | Encolar | Villager (Male) |
| 22:30 | Encolar | Mangonel |
| 22:40 | Encolar | Villager (Male) |
| 22:44 | Construir | Farm |
| 23:11 | Construir | Farm |
| 23:18 | Encolar | Villager (Male) |
| 23:30 | Encolar | Mangonel |
| 23:35 | Encolar | Villager (Male) |
| 23:38 | Construir | Farm |
| 24:03 | Encolar | Villager (Male) |
| 24:31 | Encolar | Villager (Male) |
| 24:35 | Construir | Farm |
| 24:35 | Construir | Farm |
| 24:35 | Construir | Farm |
| 24:37 | Encolar | Villager (Male) |
| 25:04 | Encolar | Villager (Male) |
| 25:09 | Construir | Farm |
| 25:09 | Construir | Farm |
| 25:10 | Construir | Farm |
| 25:10 | Construir | Farm |
| 25:19 | Construir | University |
| 25:22 | Encolar | Villager (Male) |
| 25:26 | Construir | Farm |
| 25:28 | Construir | Farm |
| 25:28 | Construir | Farm |
| 25:36 | Construir | Stone Wall |
| 25:37 | Encolar | Villager (Male) |
| 25:47 | Construir | Mill |
| 25:48 | Encolar | Villager (Male) |
| 26:02 | Encolar | Villager (Male) |
| 26:07 | Construir | Mining Camp |
| 26:18 | Construir | Farm |
| 26:21 | Investigar | Town Watch |
| 26:21 | Encolar | Villager (Male) |
| 26:25 | Construir | Farm |
| 26:34 | Construir | Farm |
| 26:37 | Encolar | Villager (Male) |
| 26:59 | Construir | Farm |
| 27:01 | Construir | Farm |
| 27:09 | Construir | Farm |
| 27:16 | Investigar | Chemistry |
| 27:20 | Encolar | Villager (Male) |
| 27:23 | Construir | Barracks |
| 27:30 | Encolar | Villager (Male) |
| 27:37 | Encolar | Villager (Male) |
| 27:46 | Construir | Mining Camp |
| 27:47 | Encolar | Villager (Male) |
| 27:57 | Construir | House |
| 27:59 | Construir | House |
| 27:59 | Construir | House |
| 28:05 | Encolar | Villager (Male) |
| 28:11 | Encolar | Villager (Male) |
| 28:19 | Encolar | Villager (Male) |
| 28:27 | Investigar | Wheelbarrow |
| 28:31 | Construir | Archery Range |
| 28:40 | Encolar | Villager (Male) |
| 28:42 | Investigar | Bow Saw |
| 28:53 | Encolar | Villager (Male) |
| 29:06 | Construir | Archery Range |
| 29:15 | Encolar | Villager (Male) |
| 29:22 | Construir | House |
| 29:23 | Construir | House |
| 29:26 | Encolar | Hand Cannoneer |
| 29:27 | Encolar | Hand Cannoneer |
| 29:28 | Encolar | Villager (Male) |
| 29:32 | Construir | Mill |
| 29:37 | Construir | Town Center |
| 29:41 | Encolar | Villager (Male) |
| 29:50 | Encolar | Villager (Male) |
Build order — asdF
Primeras 150 de 532 acciones detectadas
| 0:02 | Construir | House |
| 0:03 | Construir | House |
| 0:04 | Encolar | Villager (Male) |
| 0:08 | Encolar | Villager (Male) |
| 0:09 | Encolar | Villager (Male) |
| 1:08 | Encolar | Villager (Male) |
| 1:26 | Encolar | Villager (Male) |
| 1:48 | Construir | Lumber Camp |
| 2:03 | Encolar | Villager (Male) |
| 2:26 | Encolar | Villager (Male) |
| 2:52 | Encolar | Villager (Male) |
| 3:18 | Encolar | Villager (Male) |
| 3:27 | Construir | House |
| 3:28 | Construir | House |
| 3:42 | Encolar | Villager (Male) |
| 4:13 | Encolar | Villager (Male) |
| 4:29 | Encolar | Villager (Male) |
| 5:03 | Encolar | Villager (Male) |
| 5:04 | Encolar | Villager (Male) |
| 5:12 | Construir | Mill |
| 5:40 | Encolar | Villager (Male) |
| 6:07 | Encolar | Villager (Male) |
| 6:32 | Encolar | Villager (Male) |
| 7:10 | Encolar | Villager (Male) |
| 7:34 | Encolar | Villager (Male) |
| 7:59 | Encolar | Villager (Male) |
| 8:17 | Encolar | Villager (Male) |
| 8:34 | Construir | Mining Camp |
| 8:48 | Investigar | Feudal Age |
| 8:50 | Encolar | Villager (Male) |
| 8:54 | Construir | House |
| 9:01 | Investigar | Feudal Age |
| 9:11 | Construir | Farm |
| 9:13 | Construir | Farm |
| 10:06 | Construir | Farm |
| 10:19 | Construir | Farm |
| 10:51 | Construir | Farm |
| 11:06 | Encolar | Villager (Male) |
| 11:06 | Encolar | Villager (Male) |
| 11:25 | Edad | Edad Feudal |
| 11:33 | Construir | Blacksmith |
| 11:36 | Construir | Market |
| 11:56 | Investigar | Double-Bit Axe |
| 11:57 | Investigar | Horse Collar |
| 12:03 | Construir | Farm |
| 12:09 | Encolar | Villager (Male) |
| 12:33 | Encolar | Villager (Male) |
| 12:44 | Construir | Farm |
| 12:54 | Construir | House |
| 12:55 | Construir | House |
| 13:27 | Investigar | Castle Age |
| 13:53 | Construir | Farm |
| 13:54 | Construir | Farm |
| 13:57 | Construir | Farm |
| 13:59 | Construir | Farm |
| 14:00 | Construir | Farm |
| 14:10 | Construir | Farm |
| 14:40 | Construir | Barracks |
| 14:58 | Investigar | Forging |
| 15:02 | Investigar | Scale Barding Armor |
| 15:10 | Encolar | Villager (Male) |
| 15:21 | Construir | Farm |
| 15:29 | Construir | Farm |
| 15:45 | Construir | Stable |
| 16:07 | Edad | Edad de los Castillos |
| 16:15 | Construir | House |
| 16:26 | Investigar | Bloodlines |
| 16:50 | Encolar | Unit 1944 |
| 16:50 | Encolar | Unit 1944 |
| 16:52 | Encolar | Villager (Male) |
| 16:55 | Encolar | Villager (Male) |
| 17:05 | Investigar | Bow Saw |
| 17:14 | Encolar | Villager (Male) |
| 17:31 | Encolar | Villager (Male) |
| 17:45 | Encolar | Unit 1944 |
| 18:10 | Investigar | Heavy Plow |
| 18:12 | Encolar | Unit 1944 |
| 18:30 | Encolar | Villager (Male) |
| 18:50 | Encolar | Unit 1944 |
| 19:11 | Construir | Town Center |
| 19:15 | Encolar | Villager (Male) |
| 19:19 | Encolar | Unit 1944 |
| 19:52 | Investigar | Iron Casting |
| 19:58 | Encolar | Unit 1944 |
| 20:03 | Encolar | Villager (Male) |
| 20:10 | Construir | House |
| 20:11 | Construir | House |
| 20:13 | Construir | House |
| 20:17 | Construir | Farm |
| 20:28 | Encolar | Unit 1944 |
| 20:34 | Encolar | Villager (Male) |
| 20:43 | Construir | Farm |
| 20:46 | Construir | Farm |
| 20:47 | Construir | Farm |
| 20:48 | Construir | Farm |
| 20:52 | Encolar | Villager (Male) |
| 21:06 | Encolar | Unit 1944 |
| 21:07 | Encolar | Villager (Male) |
| 21:28 | Encolar | Villager (Male) |
| 21:28 | Encolar | Villager (Male) |
| 21:48 | Encolar | Villager (Male) |
| 21:48 | Encolar | Villager (Male) |
| 21:57 | Construir | Town Center |
| 22:02 | Encolar | Villager (Male) |
| 22:04 | Construir | Farm |
| 22:09 | Construir | Farm |
| 22:11 | Construir | Farm |
| 22:14 | Construir | Farm |
| 22:18 | Encolar | Villager (Male) |
| 22:19 | Encolar | Villager (Male) |
| 22:25 | Construir | House |
| 22:34 | Construir | Farm |
| 22:42 | Encolar | Villager (Male) |
| 22:42 | Encolar | Villager (Male) |
| 22:52 | Encolar | Villager (Male) |
| 22:53 | Encolar | Villager (Male) |
| 23:04 | Investigar | Husbandry |
| 23:14 | Construir | Farm |
| 23:15 | Construir | Farm |
| 23:16 | Construir | Farm |
| 23:19 | Construir | Farm |
| 23:58 | Investigar | Chain Barding Armor |
| 23:59 | Encolar | Villager (Male) |
| 24:24 | Encolar | Villager (Male) |
| 24:24 | Encolar | Villager (Male) |
| 24:25 | Encolar | Villager (Male) |
| 24:25 | Encolar | Villager (Male) |
| 24:42 | Encolar | Villager (Male) |
| 24:42 | Encolar | Villager (Male) |
| 24:42 | Encolar | Villager (Male) |
| 24:42 | Encolar | Villager (Male) |
| 24:56 | Encolar | Villager (Male) |
| 24:59 | Construir | Farm |
| 25:01 | Construir | Farm |
| 25:03 | Construir | Farm |
| 25:05 | Construir | Farm |
| 25:07 | Construir | Farm |
| 25:12 | Encolar | Villager (Male) |
| 25:17 | Encolar | Villager (Male) |
| 25:21 | Encolar | Villager (Male) |
| 25:24 | Construir | Farm |
| 25:27 | Construir | Farm |
| 25:27 | Construir | Farm |
| 25:28 | Construir | Farm |
| 25:29 | Construir | Mill |
| 25:31 | Construir | Farm |
| 25:33 | Construir | Farm |
| 25:34 | Construir | Farm |
| 25:35 | Construir | Farm |
| 25:40 | Encolar | Villager (Male) |
Build order — Quando
Primeras 150 de 562 acciones detectadas
| 0:00 | Encolar | Villager (Male) |
| 0:01 | Encolar | Villager (Male) |
| 0:01 | Encolar | Villager (Male) |
| 0:02 | Construir | House |
| 0:03 | Construir | House |
| 0:18 | Encolar | Villager (Male) |
| 1:33 | Encolar | Villager (Male) |
| 1:43 | Construir | Lumber Camp |
| 2:08 | Encolar | Villager (Male) |
| 2:08 | Encolar | Villager (Male) |
| 2:40 | Encolar | Villager (Male) |
| 3:12 | Encolar | Villager (Male) |
| 3:14 | Encolar | Villager (Male) |
| 3:53 | Construir | House |
| 3:54 | Construir | House |
| 3:55 | Construir | House |
| 4:16 | Encolar | Villager (Male) |
| 4:16 | Encolar | Villager (Male) |
| 4:35 | Encolar | Villager (Male) |
| 4:36 | Encolar | Villager (Male) |
| 5:24 | Construir | Mill |
| 5:31 | Encolar | Villager (Male) |
| 5:55 | Encolar | Villager (Male) |
| 6:16 | Construir | Mining Camp |
| 6:33 | Investigar | Loom |
| 7:07 | Investigar | Feudal Age |
| 8:42 | Encolar | Villager (Male) |
| 9:21 | Edad | Edad Feudal |
| 9:23 | Encolar | Villager (Male) |
| 9:24 | Investigar | Double-Bit Axe |
| 9:28 | Construir | Watch Tower |
| 9:42 | Construir | Blacksmith |
| 9:55 | Encolar | Villager (Male) |
| 10:19 | Encolar | Villager (Male) |
| 11:01 | Construir | Watch Tower |
| 11:06 | Encolar | Villager (Male) |
| 11:06 | Encolar | Villager (Male) |
| 11:14 | Investigar | Fletching |
| 11:39 | Construir | Outpost |
| 11:41 | Construir | Watch Tower |
| 11:55 | Encolar | Villager (Male) |
| 12:13 | Construir | House |
| 12:24 | Encolar | Villager (Male) |
| 12:38 | Encolar | Villager (Male) |
| 12:43 | Encolar | Villager (Male) |
| 12:51 | Construir | Watch Tower |
| 12:57 | Encolar | Villager (Male) |
| 13:00 | Construir | Farm |
| 13:15 | Encolar | Villager (Male) |
| 13:53 | Encolar | Villager (Male) |
| 13:57 | Construir | Mining Camp |
| 14:19 | Encolar | Villager (Male) |
| 14:20 | Construir | Farm |
| 14:36 | Construir | Watch Tower |
| 14:49 | Encolar | Villager (Male) |
| 14:51 | Construir | Farm |
| 15:11 | Encolar | Villager (Male) |
| 15:17 | Construir | Farm |
| 15:41 | Construir | House |
| 15:45 | Construir | Farm |
| 15:50 | Investigar | Town Watch |
| 16:06 | Construir | Watch Tower |
| 16:12 | Encolar | Villager (Male) |
| 16:16 | Encolar | Villager (Male) |
| 16:18 | Construir | Farm |
| 16:26 | Construir | Palisade Wall |
| 16:43 | Encolar | Villager (Male) |
| 17:05 | Construir | Watch Tower |
| 17:10 | Encolar | Villager (Male) |
| 17:13 | Construir | House |
| 17:40 | Encolar | Villager (Male) |
| 18:18 | Encolar | Villager (Male) |
| 18:25 | Construir | Farm |
| 18:26 | Construir | Farm |
| 18:30 | Construir | Farm |
| 18:32 | Construir | Farm |
| 18:35 | Construir | Farm |
| 18:35 | Construir | Farm |
| 18:46 | Encolar | Villager (Male) |
| 18:47 | Encolar | Villager (Male) |
| 19:03 | Encolar | Villager (Male) |
| 19:06 | Construir | House |
| 19:07 | Construir | House |
| 19:08 | Construir | Farm |
| 19:11 | Construir | Farm |
| 19:38 | Construir | Watch Tower |
| 19:50 | Construir | House |
| 19:53 | Encolar | Villager (Male) |
| 20:29 | Encolar | Villager (Male) |
| 20:32 | Construir | House |
| 20:43 | Encolar | Villager (Male) |
| 20:53 | Encolar | Villager (Male) |
| 20:55 | Construir | Farm |
| 20:55 | Construir | Farm |
| 20:56 | Construir | Farm |
| 20:56 | Construir | Farm |
| 21:01 | Construir | Farm |
| 21:19 | Construir | Watch Tower |
| 21:37 | Construir | Market |
| 21:44 | Encolar | Villager (Male) |
| 22:07 | Construir | Watch Tower |
| 22:12 | Encolar | Villager (Male) |
| 22:16 | Investigar | Castle Age |
| 22:18 | Investigar | Horse Collar |
| 22:42 | Construir | Mining Camp |
| 23:25 | Encolar | Villager (Male) |
| 24:50 | Encolar | Villager (Male) |
| 24:56 | Edad | Edad de los Castillos |
| 25:00 | Encolar | Villager (Male) |
| 25:03 | Construir | Town Center |
| 25:16 | Construir | Town Center |
| 25:28 | Encolar | Villager (Male) |
| 25:34 | Investigar | Bow Saw |
| 25:41 | Construir | Monastery |
| 25:50 | Encolar | Villager (Male) |
| 26:10 | Construir | House |
| 26:11 | Construir | House |
| 26:12 | Construir | House |
| 26:19 | Encolar | Monk |
| 26:30 | Construir | Lumber Camp |
| 26:32 | Encolar | Villager (Male) |
| 26:32 | Encolar | Villager (Male) |
| 26:32 | Encolar | Villager (Male) |
| 26:32 | Encolar | Villager (Male) |
| 26:34 | Encolar | Villager (Male) |
| 26:34 | Encolar | Villager (Male) |
| 26:52 | Construir | Farm |
| 26:55 | Investigar | Heavy Plow |
| 26:58 | Encolar | Villager (Male) |
| 26:58 | Encolar | Villager (Male) |
| 27:05 | Encolar | Villager (Male) |
| 27:05 | Encolar | Villager (Male) |
| 27:05 | Encolar | Villager (Male) |
| 27:14 | Encolar | Monk |
| 27:26 | Encolar | Villager (Male) |
| 27:27 | Encolar | Villager (Male) |
| 27:27 | Encolar | Villager (Male) |
| 27:29 | Construir | Farm |
| 27:29 | Construir | Farm |
| 27:30 | Construir | Farm |
| 27:30 | Construir | Farm |
| 27:30 | Construir | Farm |
| 27:47 | Investigar | Wheelbarrow |
| 27:49 | Construir | Farm |
| 27:51 | Construir | Farm |
| 27:52 | Construir | Farm |
| 27:55 | Encolar | Monk |
| 27:58 | Encolar | Villager (Male) |
| 28:04 | Construir | House |
| 28:05 | Construir | House |
Cronología de la partida
| 8:46 | The Mongoloid Khan · age_up feudal |
| 9:11 | Fr4ggi · first_building Barracks |
| 9:21 | Quando · age_up feudal |
| 9:39 | PJtheDcoy · wall_segment Palisade Wall x2 |
| 9:49 | PJtheDcoy · first_building Barracks |
| 10:58 | Fr4ggi · age_up feudal |
| 11:04 | PJtheDcoy · age_up feudal |
| 11:19 | MonasLover · wall_segment Palisade Wall x3 |
| 11:25 | asdF · age_up feudal |
| 11:39 | Fr4ggi · first_building Stable |
| 11:46 | MonasLover · age_up feudal |
| 12:30 | MonasLover · wall_segment Stone Wall x1 |
| 12:45 | MonasLover · wall_segment Stone Wall x1 |
| 12:58 | MonasLover · wall_segment Stone Wall x4 |
| 13:46 | MonasLover · wall_segment Stone Wall x6 |
| 14:40 | asdF · first_building Barracks |
| 15:04 | PJtheDcoy · first_building Archery Range |
| 15:45 | asdF · first_building Stable |
| 15:49 | MonasLover · age_up castle |
| 15:52 | MonasLover · first_building Siege Workshop |
| 16:07 | asdF · age_up castle |
| 16:26 | Quando · wall_segment Palisade Wall x1 |
| 16:42 | Fr4ggi · age_up castle |
| 18:20 | The Mongoloid Khan · first_building Barracks |
| 19:10 | The Mongoloid Khan · first_building Archery Range |
| 19:28 | PJtheDcoy · age_up castle |
| 19:42 | PJtheDcoy · first_building Siege Workshop |
| 19:59 | The Mongoloid Khan · first_building Stable |
| 22:16 | Quando · first_market_buy 100 food |
| 23:34 | MonasLover · first_market_sell 100 wood |
| 23:50 | The Mongoloid Khan · age_up castle |
| 23:54 | The Mongoloid Khan · first_building Siege Workshop |
| 24:31 | The Mongoloid Khan · first_building Castle |
| 24:33 | PJtheDcoy · wall_segment Stone Wall x1 |
| 24:56 | Quando · age_up castle |
| 25:33 | Quando · first_market_sell 100 food |
| 25:36 | MonasLover · wall_segment Stone Wall x1 |
| 25:41 | Quando · first_building Monastery |
| 25:52 | asdF · first_market_buy 100 stone |
| 27:23 | MonasLover · first_building Barracks |
| 27:29 | asdF · first_building Monastery |
| 28:31 | MonasLover · first_building Archery Range |
| 29:42 | Fr4ggi · first_building Siege Workshop |
| 31:49 | PJtheDcoy · first_building Castle |
| 33:52 | Fr4ggi · age_up imperial |
| 35:57 | PJtheDcoy · age_up imperial |
| 36:09 | Quando · first_building Barracks |
| 36:52 | PJtheDcoy · first_building Stable |
| 36:54 | asdF · age_up imperial |
| 37:03 | asdF · first_building Castle |
| 37:20 | Quando · first_building Stable |
| 37:41 | Quando · age_up imperial |
| 37:52 | Fr4ggi · first_building Castle |
| 38:20 | The Mongoloid Khan · age_up imperial |
| 38:42 | MonasLover · first_building Castle |
| 39:32 | Quando · first_building Siege Workshop |
| 40:24 | MonasLover · age_up imperial |
| 40:36 | PJtheDcoy · first_market_sell 500 food |
| 43:31 | Fr4ggi · tribute_sent a jugador 1 |
| 43:31 | Fr4ggi · tribute_sent a jugador 2 |
| 43:31 | Fr4ggi · tribute_sent a jugador 3 |
| 43:31 | Fr4ggi · tribute_sent a jugador 5 |
| 43:31 | Fr4ggi · tribute_sent a jugador 6 |
| 43:57 | Quando · first_building Castle |
| 44:10 | Quando · first_building Archery Range |
| 44:22 | Quando · wall_segment Stone Wall x1 |
| 44:23 | Quando · wall_segment Stone Wall x1 |
| 44:27 | Quando · wall_segment Stone Wall x6 |
| 45:43 | Fr4ggi · first_market_sell 500 wood |
| 45:45 | Quando · wall_segment Stone Wall x2 |
| 47:32 | Quando · wall_segment Stone Wall x5 |
| 49:47 | asdF · first_building Siege Workshop |
| 51:47 | PJtheDcoy · wall_segment Stone Wall x4 |
| 52:05 | PJtheDcoy · wall_segment Stone Wall x8 |
| 53:31 | PJtheDcoy · wall_segment Stone Wall x2 |
| 53:38 | PJtheDcoy · wall_segment Stone Wall x5 |
| 53:45 | PJtheDcoy · wall_segment Stone Wall x6 |
| 58:57 | Fr4ggi · tribute_sent a jugador 1 |
| 58:57 | Fr4ggi · tribute_sent a jugador 2 |
| 58:57 | Fr4ggi · tribute_sent a jugador 3 |
| 58:57 | Fr4ggi · tribute_sent a jugador 5 |
| 58:57 | Fr4ggi · tribute_sent a jugador 6 |
| 59:30 | PJtheDcoy · first_market_buy 100 stone |
| 59:57 | asdF · first_market_sell 100 wood |
| 60:52 | Quando · wall_segment Stone Wall x1 |
| 62:16 | Quando · resign |
[ ANÁLISIS IA · 1 CRÉDITO ]
¿Qué pasó realmente en esta partida?
Wolo.gg analiza cada decisión: build order, eco, micro, errores típicos por bracket. Análisis personalizado por WhatsApp o Discord en 30 segundos.
Guía civ
Persas
Perfil
Jugador #6051949